| TOP OF THE 1ST |
|
Texas (APP) Rangers batting - Pitching for Great Falls Voyagers : LHP Nick Hamlin
|
|
Pitching: LHP Nick Hamlin
|
|
|
Batting: RHB Jay De Angelis
|
0-0: Foul Ball, location: 2F 0-1: Ball 1-1: Ground out 4-3 (Groundball, 4S, EV 71.3 MPH)
|
|
Batting: RHB Alex Lopez
|
0-0: Ball 1-0: Called Strike 1-1: Fly out, F8 (Line Drive, 8RM, EV 94.4 MPH)
|
|
Batting: RHB Robby Adair
|
0-0: Called Strike 0-1: Ball 1-1: Ball 2-1: SOLO HOME RUN (Line Drive, 78XD, EV 108.1 MPH), Distance : 423 ft
|
|
Batting: RHB Matt Silva
|
0-0: Called Strike 0-1: Ball 1-1: SINGLE (Groundball, 56S, EV 75.0 MPH) (infield hit)
|
|
Batting: LHB Tomoya Hashimoto
|
0-0: Ball 1-0: Ball 2-0: Ground out 4-3 (Groundball, 4, EV 85.0 MPH)
|
| Top of the 1st over - 1 run, 2 hits, 0 errors, 1 left on base; Texas (APP) 1 - Great Falls 0 |
| BOTTOM OF THE 1ST |
|
Great Falls Voyagers batting - Pitching for Texas (APP) Rangers : RHP Tyler Bach
|
|
Pitching: RHP Tyler Bach
|
|
|
Batting: RHB Andy Cotton
|
0-0: Called Strike 0-1: Foul Ball, location: 2F 0-2: Fly out, F4 (Popup, 4, EV 77.5 MPH)
|
|
Batting: LHB Jose Duran
|
0-0: Called Strike 0-1: Ground out U3 (Groundball, 3L, EV 88.8 MPH)
|
|
Batting: LHB Carlos Ramirez
|
0-0: Foul Ball, location: 2F 0-1: Called Strike 0-2: Strikes out looking
|
| Bottom of the 1st over - 0 runs, 0 hits, 0 errors, 0 left on base; Texas (APP) 1 - Great Falls 0 |
| TOP OF THE 2ND |
|
Texas (APP) Rangers batting - Pitching for Great Falls Voyagers : LHP Nick Hamlin
|
|
Batting: RHB Shawn Weber
|
0-0: Ball 1-0: Fly out, F8 (Flyball, 8LD, EV 106.9 MPH)
|
|
Batting: SHB Mark Paquin
|
0-0: Foul Ball, location: 2F 0-1: Called Strike 0-2: SOLO HOME RUN (Flyball, 78XD, EV 99.4 MPH), Distance : 399 ft
|
|
Batting: RHB Rafael Tapia
|
0-0: Ball 1-0: Called Strike 1-1: Foul Ball, location: 2F 1-2: Ball 2-2: Ball 3-2: Ground out 6-3 (Groundball, 6, EV 84.4 MPH)
|
|
Batting: SHB Albert Ortiz
|
0-0: Foul Ball, location: 2F 0-1: Foul Ball, location: 2F 0-2: Ball 1-2: Ball 2-2: DOUBLE (Groundball, 5L, EV 105.0 MPH)
|
|
Batting: RHB Jay De Angelis
|
0-0: Called Strike 0-1: Swinging Strike 0-2: Ball 1-2: Ball 2-2: Strikes out looking
|
| Top of the 2nd over - 1 run, 2 hits, 0 errors, 1 left on base; Texas (APP) 2 - Great Falls 0 |
| BOTTOM OF THE 2ND |
|
Great Falls Voyagers batting - Pitching for Texas (APP) Rangers : RHP Tyler Bach
|
|
Batting: RHB Vic Lucatero
|
0-0: Foul Ball, location: 2F 0-1: Ball 1-1: Ball 2-1: Ball 3-1: Foul Ball, location: 2F 3-2: Foul Ball, location: 2F 3-2: Strikes out looking
|
|
Batting: LHB Josh Pittman
|
0-0: Foul Ball, location: 2F 0-1: Ball 1-1: Foul Ball, location: 2F 1-2: Fly out, F8 (Flyball, 8RD, EV 101.3 MPH)
|
|
Batting: RHB Duncan Collins
|
0-0: Swinging Strike 0-1: Ball 1-1: Ball 2-1: Called Strike 2-2: Foul Ball, location: 2F 2-2: Fly out, F3 (Line Drive, 34, EV 100.6 MPH)
|
| Bottom of the 2nd over - 0 runs, 0 hits, 0 errors, 0 left on base; Texas (APP) 2 - Great Falls 0 |
| TOP OF THE 3RD |
|
Texas (APP) Rangers batting - Pitching for Great Falls Voyagers : LHP Nick Hamlin
|
|
Batting: RHB Alex Lopez
|
0-0: Ball 1-0: Swinging Strike 1-1: Ball 2-1: Ball 3-1: Base on Balls
|
|
Batting: RHB Robby Adair
|
0-0: Swinging Strike 0-1: Ball 1-1: Ball 2-1: Fly out, F9 (Line Drive, 9, EV 89.4 MPH)
|
|
Batting: RHB Matt Silva
|
0-0: Called Strike 0-1: Ball 1-1: Ball 2-1: Called Strike 2-2: Ball 3-2: Foul Ball, location: 2F 3-2: Fielders Choice at 2nd, 1-6 (Groundball, 13, EV 65.6 MPH)
|
|
Batting: LHB Tomoya Hashimoto
|
0-0: Ball 1-0: Called Strike 1-1: Foul Ball, location: 2F 1-2: Strikes out swinging
|
| Top of the 3rd over - 0 runs, 0 hits, 0 errors, 1 left on base; Texas (APP) 2 - Great Falls 0 |
| BOTTOM OF THE 3RD |
|
Great Falls Voyagers batting - Pitching for Texas (APP) Rangers : RHP Tyler Bach
|
|
Batting: SHB Matt Childers
|
0-0: Foul Ball, location: 2F 0-1: Ball 1-1: SINGLE (Groundball, 6MD, EV 103.1 MPH)
|
|
Batting: SHB Jose Romo
|
0-0: Ball 1-0: Foul Ball, location: 2F 1-1: DOUBLE (Flyball, 8RXD, EV 106.3 MPH) Matt Childers to third Runner from 3rd tries for Home, SAFE, no throw by CF
|
|
Batting: RHB Juan Tovar
|
0-0: Ball 1-0: Swinging Strike 1-1: Foul Ball, location: 2F 1-2: Strikes out swinging
|
|
Batting: RHB Andy Cotton
|
0-0: Ball 1-0: Foul Ball, location: 2F 1-1: Foul Ball, location: 2F 1-2: SINGLE (Flyball, 8RS, EV 88.8 MPH) Jose Romo to third
|
|
Batting: LHB Jose Duran
|
0-0: Ball 1-0: Fielders Choice at 2nd, 6-4 (Groundball, 6M, EV 85.0 MPH) Jose Romo scores
|
|
Batting: LHB Carlos Ramirez
|
0-0: Ball 1-0: Called Strike 1-1: Called Strike 1-2: Ball 2-2: Foul Ball, location: 2F 2-2: Ball 3-2: Fly out, F8 (Flyball, 8RXD, EV 95.0 MPH)
|
| Bottom of the 3rd over - 2 runs, 3 hits, 0 errors, 1 left on base; Texas (APP) 2 - Great Falls 2 |
| TOP OF THE 4TH |
|
Texas (APP) Rangers batting - Pitching for Great Falls Voyagers : LHP Nick Hamlin
|
|
Batting: RHB Shawn Weber
|
0-0: Called Strike 0-1: Foul Ball, location: 2F 0-2: Ball 1-2: Ground out 6-3 (Groundball, 6, EV 84.4 MPH)
|
|
Batting: SHB Mark Paquin
|
0-0: Foul Ball, location: 2F 0-1: Ball 1-1: Swinging Strike 1-2: Ball 2-2: Fly out, F7 (Flyball, 7, EV 95.0 MPH)
|
|
Batting: RHB Rafael Tapia
|
0-0: Called Strike 0-1: DOUBLE (Groundball, 5L, EV 101.9 MPH)
|
|
Batting: SHB Albert Ortiz
|
0-0: Called Strike 0-1: Ball 1-1: Swinging Strike 1-2: Ball 2-2: Ball 3-2: Ground out 1-3 (Groundball, 15S, EV 65.6 MPH)
|
| Top of the 4th over - 0 runs, 1 hit, 0 errors, 1 left on base; Texas (APP) 2 - Great Falls 2 |
| BOTTOM OF THE 4TH |
|
Great Falls Voyagers batting - Pitching for Texas (APP) Rangers : RHP Tyler Bach
|
|
Batting: RHB Vic Lucatero
|
0-0: Ball 1-0: Reached on error, E4 (Popup, 4D, EV 71.3 MPH)
|
|
Batting: LHB Josh Pittman
|
0-0: Ball Vic Lucatero is caught stealing 2nd base 2-6 1-0: Called Strike 1-1: Foul Ball, location: 2F 1-2: Ball 2-2: Foul Ball, location: 2F 2-2: Foul Ball, location: 2F 2-2: Foul Ball, location: 2F 2-2: Ball 3-2: Foul Ball, location: 2F 3-2: Fly out, F4 (Flyball, 34D, EV 86.3 MPH)
|
|
Batting: RHB Duncan Collins
|
0-0: Foul Ball, location: 2F 0-1: Ball 1-1: DOUBLE (Line Drive, 9LM, EV 100.0 MPH)
|
|
Batting: SHB Matt Childers
|
0-0: Intentional Walk
|
|
Batting: SHB Jose Romo
|
0-0: Fly out, F9 (Flyball, 9LM, EV 90.0 MPH)
|
| Bottom of the 4th over - 0 runs, 1 hit, 1 error, 2 left on base; Texas (APP) 2 - Great Falls 2 |
| TOP OF THE 5TH |
|
Texas (APP) Rangers batting - Pitching for Great Falls Voyagers : LHP Nick Hamlin
|
|
Batting: RHB Jay De Angelis
|
0-0: Ball 1-0: Ball 2-0: Ground out 5-3 (Groundball, 56, EV 78.1 MPH)
|
|
Batting: RHB Alex Lopez
|
0-0: Ball 1-0: Called Strike 1-1: Foul Ball, location: 2F 1-2: Foul Ball, location: 2F 1-2: Ball 2-2: Ball 3-2: Strikes out swinging
|
|
Batting: RHB Robby Adair
|
0-0: Ball 1-0: Called Strike 1-1: Called Strike 1-2: Ball 2-2: Strikes out swinging
|
| Top of the 5th over - 0 runs, 0 hits, 0 errors, 0 left on base; Texas (APP) 2 - Great Falls 2 |
| BOTTOM OF THE 5TH |
|
Great Falls Voyagers batting - Pitching for Texas (APP) Rangers : RHP Tyler Bach
|
|
Batting: RHB Juan Tovar
|
0-0: Ball 1-0: Ball 2-0: Foul Ball, location: 2F 2-1: Ball 3-1: Called Strike 3-2: Ground out 4-3 (Groundball, 4, EV 79.4 MPH)
|
|
Batting: RHB Andy Cotton
|
0-0: Ball 1-0: Foul Ball, location: 2F 1-1: Foul Ball, location: 2F 1-2: Ground out 5-3 (Groundball, 56, EV 89.4 MPH)
|
|
Batting: LHB Jose Duran
|
0-0: Called Strike 0-1: Ball 1-1: Fly out, F9 (Flyball, 89D, EV 101.3 MPH)
|
| Bottom of the 5th over - 0 runs, 0 hits, 0 errors, 0 left on base; Texas (APP) 2 - Great Falls 2 |
| TOP OF THE 6TH |
|
Texas (APP) Rangers batting - Pitching for Great Falls Voyagers : LHP Nick Hamlin
|
|
Batting: RHB Matt Silva
|
0-0: Ground out 5-3 (Groundball, 56S, EV 75.0 MPH)
|
|
Pitching: LHP Matt Donnelly
|
|
|
Batting: LHB Tomoya Hashimoto
|
0-0: Swinging Strike 0-1: Ball 1-1: Called Strike 1-2: Ball 2-2: Fly out, F9 (Flyball, 9S, EV 87.5 MPH)
|
|
Pitching: RHP Tom Daniels
|
|
|
Batting: RHB Shawn Weber
|
0-0: Ball 1-0: Ball 2-0: Foul Ball, location: 2F 2-1: Foul Ball, location: 2F 2-2: Ball 3-2: Ground out 4-3 (Groundball, 34, EV 101.9 MPH)
|
| Top of the 6th over - 0 runs, 0 hits, 0 errors, 0 left on base; Texas (APP) 2 - Great Falls 2 |
| BOTTOM OF THE 6TH |
|
Great Falls Voyagers batting - Pitching for Texas (APP) Rangers : RHP Tyler Bach
|
|
Batting: LHB Carlos Ramirez
|
0-0: Called Strike 0-1: Ball 1-1: Called Strike 1-2: Ball 2-2: Ball 3-2: Foul Ball, location: 2F 3-2: Base on Balls
|
|
Batting: RHB Vic Lucatero
|
0-0: Ball 1-0: Ball 2-0: Fly out, F7 (Flyball, 7S, EV 92.5 MPH)
|
|
Batting: LHB Josh Pittman
|
0-0: Grounds into double play, 4-6-3 (Groundball, 4, EV 78.8 MPH)
|
| Bottom of the 6th over - 0 runs, 0 hits, 0 errors, 0 left on base; Texas (APP) 2 - Great Falls 2 |
| TOP OF THE 7TH |
|
Texas (APP) Rangers batting - Pitching for Great Falls Voyagers : RHP Tom Daniels
|
|
Batting: SHB Mark Paquin
|
0-0: Foul Ball, location: 2F 0-1: Foul Ball, location: 2F 0-2: Strikes out looking
|
|
Pinch Hitting: LHB Walter Vegter
|
0-0: Swinging Strike 0-1: Ball 1-1: Called Strike 1-2: Foul Ball, location: 2F 1-2: Ball 2-2: Foul Ball, location: 2F 2-2: Strikes out looking
|
|
Batting: SHB Albert Ortiz
|
0-0: Foul Ball, location: 2F 0-1: Ground out 4-3 (Groundball, 34D, EV 86.3 MPH)
|
| Top of the 7th over - 0 runs, 0 hits, 0 errors, 0 left on base; Texas (APP) 2 - Great Falls 2 |
| BOTTOM OF THE 7TH |
|
Great Falls Voyagers batting - Pitching for Texas (APP) Rangers : RHP Tyler Bach
|
|
Now at 2B: Jeremy Palac
|
|
|
Now at SS: Mark Paquin
|
|
|
Batting: RHB Duncan Collins
|
0-0: Called Strike 0-1: Ball 1-1: Ball 2-1: Swinging Strike 2-2: Strikes out looking
|
|
Batting: SHB Matt Childers
|
0-0: Called Strike 0-1: Ball 1-1: Foul Ball, location: 2F 1-2: Ball 2-2: DOUBLE (Line Drive, 9LS, EV 101.9 MPH)
|
|
Batting: SHB Jose Romo
|
0-0: Intentional Walk
|
|
Batting: RHB Juan Tovar
|
0-0: Ball 1-0: Ball 2-0: Foul Ball, location: 2F 2-1: Grounds into double play, 6-4-3 (Groundball, 6M, EV 80.6 MPH)
|
| Bottom of the 7th over - 0 runs, 1 hit, 0 errors, 1 left on base; Texas (APP) 2 - Great Falls 2 |
| TOP OF THE 8TH |
|
Texas (APP) Rangers batting - Pitching for Great Falls Voyagers : RHP Tom Daniels
|
|
Pinch Hitting: LHB Justin Wheelock
|
0-0: Ball 1-0: Called Strike 1-1: Foul Ball, location: 2F 1-2: Strikes out swinging
|
|
Pinch Hitting: LHB Steven Frederick
|
0-0: Swinging Strike 0-1: Swinging Strike 0-2: Ball 1-2: Ball 2-2: Foul Ball, location: 2F 2-2: Ball 3-2: TRIPLE (Line Drive, 89XD, EV 96.9 MPH)
|
|
Batting: RHB Robby Adair
|
0-0: Intentional Walk
|
|
Batting: RHB Matt Silva
|
0-0: Called Strike Robby Adair steals 2nd base 0-1: Foul Ball, location: 2F 0-2: Ball 1-2: DOUBLE (Line Drive, 3D, EV 106.9 MPH) Steven Frederick scores Robby Adair scores
|
|
Batting: LHB Tomoya Hashimoto
|
0-0: Intentional Walk
|
|
Batting: RHB Shawn Weber
|
0-0: Called Strike 0-1: Swinging Strike 0-2: Grounds into double play, 5-4-3 (Groundball, 56, EV 81.3 MPH)
|
| Top of the 8th over - 2 runs, 2 hits, 0 errors, 1 left on base; Texas (APP) 4 - Great Falls 2 |
| BOTTOM OF THE 8TH |
|
Great Falls Voyagers batting - Pitching for Texas (APP) Rangers : RHP Tyler Bach
|
|
Pitching: RHP Tim Laverty
|
|
|
Now at 1B: Matt Silva
|
|
|
Now in LF: Justin Wheelock
|
|
|
Now in CF: Jordan Llanes
|
|
|
Batting: RHB Andy Cotton
|
0-0: Ball 1-0: Foul Ball, location: 2F 1-1: Ball 2-1: Ball 3-1: Base on Balls
|
|
Batting: LHB Jose Duran
|
0-0: Ball 1-0: Called Strike 1-1: Ball 2-1: Foul Ball, location: 2F 2-2: Strikes out looking
|
|
Batting: LHB Carlos Ramirez
|
0-0: Ball 1-0: Ball 2-0: Foul Ball, location: 2F 2-1: Foul Ball, location: 2F 2-2: Foul Ball, location: 2F 2-2: Foul Ball, location: 2F 2-2: DOUBLE (Line Drive, 9LM, EV 106.9 MPH) Andy Cotton to third Runner from 3rd tries for Home, SAFE, no throw by RF
|
|
Batting: RHB Vic Lucatero
|
0-0: Ball 1-0: Called Strike 1-1: Ball 2-1: Called Strike 2-2: Ground out U3 (Groundball, 34, EV 102.5 MPH) Carlos Ramirez to third
|
|
Batting: LHB Josh Pittman
|
0-0: Swinging Strike 0-1: Ball 1-1: Foul Ball, location: 2F 1-2: Fly out, F9 (Flyball, 9LD, EV 76.9 MPH)
|
| Bottom of the 8th over - 1 run, 1 hit, 0 errors, 1 left on base; Texas (APP) 4 - Great Falls 3 |
| TOP OF THE 9TH |
|
Texas (APP) Rangers batting - Pitching for Great Falls Voyagers : RHP Tom Daniels
|
|
Pitching: RHP Rick Sacket
|
|
|
Batting: SHB Mark Paquin
|
0-0: Ball 1-0: Swinging Strike 1-1: Ball 2-1: Foul Ball, location: 2F 2-2: Ground out 6-3 (Groundball, 6, EV 81.3 MPH)
|
|
Batting: RHB Jeremy Palac
|
0-0: Ball 1-0: Foul Ball, location: 2F 1-1: Called Strike 1-2: Ball 2-2: Ball 3-2: Base on Balls
|
|
Batting: SHB Albert Ortiz
|
0-0: Called Strike 0-1: Fly out, F4 (Line Drive, 4, EV 56.9 MPH)
|
|
Batting: LHB Justin Wheelock
|
0-0: DOUBLE (Groundball, 3L, EV 105.0 MPH) Jeremy Palac to third
|
|
Batting: RHB Jordan Llanes
|
0-0: Ball 1-0: Ground out 6-3 (Groundball, 6, EV 104.4 MPH)
|
| Top of the 9th over - 0 runs, 1 hit, 0 errors, 2 left on base; Texas (APP) 4 - Great Falls 3 |
| BOTTOM OF THE 9TH |
|
Great Falls Voyagers batting - Pitching for Texas (APP) Rangers : RHP Tim Laverty
|
|
Batting: RHB Duncan Collins
|
0-0: DOUBLE (Line Drive, 3D, EV 94.4 MPH)
|
|
Batting: SHB Matt Childers
|
0-0: Called Strike 0-1: Foul Ball, location: 2F 0-2: Foul Ball, location: 2F 0-2: Ball 1-2: Foul Ball, location: 2F 1-2: Ball 2-2: Strikes out swinging
|
|
Batting: SHB Jose Romo
|
0-0: Called Strike 0-1: Foul Ball, location: 2F 0-2: Foul Ball, location: 2F 0-2: Ball 1-2: Ball 2-2: Foul Ball, location: 2F 2-2: Foul Ball, location: 2F 2-2: Ball 3-2: Foul Ball, location: 2F 3-2: Base on Balls
|
|
Pitching: RHP Logan Dietz
|
|
|
Pinch Hitting: RHB Chris LaMore
|
0-0: Called Strike 0-1: Called Strike 0-2: DOUBLE (Line Drive, 89M, EV 94.4 MPH) Duncan Collins scores Jose Romo to third Runner from 3rd tries for Home, SAFE, throw by RF to home
|
| Bottom of the 9th over - 2 runs, 2 hits, 0 errors, 0 left on base; Texas (APP) 4 - Great Falls 5 |
| |
|
Game Over ... Great Falls defeats Texas (APP), 5 to 4
|
|
|